[ AOE2 MATCH · #461063503 ]
UnrankedTurks vs Dravidians
[ REPLAY ANALYSIS · EXTRACTED FROM THE RECORDED GAME ]
Feudal
14:03
Castle
20:12
Imperial
33:46
| APM avg | 16.9 |
| APM peak | 46 |
| eAPM avg | 12.1 |
| Villagers / military | 290 / 370 |
Focus
⚔️ 28.1% · 🌾 71.9%
Camel Scout ×231 · Scout Cavalry ×120 · Bombard Cannon ×9 · Trade Cart ×6 · Janissary ×5 · Hand Cannoneer ×5
Feudal
11:49
Castle
16:23
Imperial
31:50
| APM avg | 13.8 |
| APM peak | 58 |
| eAPM avg | 9.8 |
| Villagers / military | 132 / 140 |
Focus
⚔️ 31.8% · 🌾 68.2%
Fire Lancer ×75 · Spearman ×60 · Unknown (1920) ×56 · Fishing Ship ×4 · Trebuchet (Packed) ×4 · Monk ×1
Feudal
12:20
Castle
16:47
Imperial
29:36
| APM avg | 29.0 |
| APM peak | 58 |
| eAPM avg | 21.7 |
| Villagers / military | 166 / 405 |
Focus
⚔️ 32.7% · 🌾 67.3%
Spearman ×183 · Elephant Archer ×102 · Hand Cannoneer ×51 · Skirmisher ×50 · Trade Cart ×40 · Fishing Ship ×20
Feudal
13:27
Castle
23:33
Imperial
36:09
| APM avg | 15.8 |
| APM peak | 58 |
| eAPM avg | 12.8 |
| Villagers / military | 89 / 211 |
Focus
⚔️ 43.6% · 🌾 56.4%
Scout Cavalry ×108 · Longbowman ×94 · Fishing Ship ×19 · Demolition Raft ×7 · Trade Cart ×5 · Monk ×2
Feudal
16:52
Castle
33:16
Imperial
45:08
| APM avg | 7.2 |
| APM peak | 17 |
| eAPM avg | 6.0 |
| Villagers / military | 67 / 15 |
Focus
⚔️ 29.4% · 🌾 70.6%
Unknown (1908) ×31 · Skirmisher ×10 · Fishing Ship ×4 · Battering Ram ×4 · Trade Cart ×2 · Iron Pagoda ×1
Feudal
12:39
Castle
23:35
Imperial
—
| APM avg | 16.2 |
| APM peak | 36 |
| eAPM avg | 13.9 |
| Villagers / military | 302 / 116 |
Focus
⚔️ 23.5% · 🌾 76.5%
Spearman ×70 · Militia ×33 · Fishing Ship ×12 · Trade Cart ×10 · Mangonel ×5 · Knight ×3
Feudal
14:22
Castle
21:41
Imperial
34:57
| APM avg | 25.9 |
| APM peak | 50 |
| eAPM avg | 21.0 |
| Villagers / military | 217 / 492 |
Focus
⚔️ 23.4% · 🌾 76.6%
Coustillier ×382 · Hand Cannoneer ×38 · Trebuchet (Packed) ×36 · Skirmisher ×30 · Trade Cart ×25 · Mangonel ×4
Feudal
12:13
Castle
19:32
Imperial
36:01
| APM avg | 19.4 |
| APM peak | 41 |
| eAPM avg | 16.1 |
| Villagers / military | 169 / 265 |
Focus
⚔️ 30.3% · 🌾 69.7%
Ballista Elephant ×125 · Battle Elephant ×54 · Scorpion ×42 · Skirmisher ×36 · Trade Cart ×31 · Trebuchet (Packed) ×6
Match map
Initial resources + every placement click. Lines = walls · curves = elevation contours. ◆ gold · ⬟ stone · ● berries · ✦ relic · ◌ wall gap
Your base· ✓ Closed at 20:12 · 0t walls · no gate
𝓰𝓸𝓭𝓵𝓲𝓴𝓮's base· ✓ Closed at 16:23 · 0t walls · no gate
88 elephant's base· ✓ Closed at 16:47 · 26t walls · 1 gate(s)
lucas_esteves_'s base· ✓ Closed at 23:33 · 0t walls · no gate
Alexyesidg's base· ✓ Closed at 33:16 · 84t walls · no gate
Rahmi's base· ✓ Closed at 23:35 · 31t walls · no gate
itus.do's base· ✓ Closed at 21:41 · 51t walls · 1 gate(s)
ChippaGNL's base· ✓ Closed at 19:32 · 0t walls · no gate
Smoothed initial terrain · ◌ = detected wall gap · hover for details
Inputs per minute
— oguzhan.altunbass - - 𝓰𝓸𝓭𝓵𝓲𝓴𝓮
Build order — oguzhan.altunbass
First 150 of 478 actions detected
| 0:09 | Build | House |
| 0:11 | Build | House |
| 0:36 | Research | Loom |
| 0:36 | Research | Loom |
| 0:37 | Create | Villager (Male) |
| 0:37 | Create | Villager (Male) |
| 0:37 | Create | Villager (Male) |
| 0:37 | Create | Villager (Male) |
| 0:38 | Create | Villager (Male) |
| 0:39 | Create | Villager (Male) |
| 2:21 | Create | Villager (Male) |
| 2:21 | Create | Villager (Male) |
| 3:15 | Create | Villager (Male) |
| 3:15 | Create | Villager (Male) |
| 3:16 | Create | Villager (Male) |
| 3:16 | Create | Villager (Male) |
| 3:40 | Create | Villager (Male) |
| 3:41 | Create | Villager (Male) |
| 3:41 | Create | Villager (Male) |
| 3:41 | Create | Villager (Male) |
| 4:31 | Create | Villager (Male) |
| 4:32 | Create | Villager (Male) |
| 4:32 | Create | Villager (Male) |
| 4:32 | Create | Villager (Male) |
| 4:39 | Build | House |
| 4:46 | Build | House |
| 4:48 | Build | House |
| 5:21 | Create | Villager (Male) |
| 5:21 | Create | Villager (Male) |
| 5:52 | Create | Villager (Male) |
| 5:53 | Create | Villager (Male) |
| 5:53 | Create | Villager (Male) |
| 5:53 | Create | Villager (Male) |
| 5:53 | Create | Villager (Male) |
| 7:12 | Build | Mill |
| 7:26 | Create | Villager (Male) |
| 7:26 | Create | Villager (Male) |
| 7:52 | Build | Lumber Camp |
| 8:24 | Create | Villager (Male) |
| 8:24 | Create | Villager (Male) |
| 8:25 | Create | Villager (Male) |
| 8:25 | Create | Villager (Male) |
| 8:25 | Create | Villager (Male) |
| 8:56 | Build | Mining Camp |
| 9:47 | Create | Villager (Male) |
| 9:48 | Create | Villager (Male) |
| 9:49 | Create | Villager (Male) |
| 9:51 | Create | Villager (Male) |
| 9:51 | Create | Villager (Male) |
| 11:11 | Build | House |
| 11:24 | Build | House |
| 11:25 | Build | House |
| 11:31 | Research | Feudal Age |
| 11:44 | Build | Lumber Camp |
| 12:00 | Build | Mining Camp |
| 12:53 | Build | Farm |
| 12:54 | Build | Farm |
| 12:55 | Build | Farm |
| 12:56 | Build | Farm |
| 12:58 | Build | Farm |
| 12:59 | Build | Farm |
| 13:18 | Build | Farm |
| 14:03 | Age | Feudal Age |
| 14:06 | Create | Villager (Male) |
| 14:06 | Create | Villager (Male) |
| 14:07 | Create | Villager (Male) |
| 15:23 | Create | Villager (Male) |
| 15:28 | Research | Wheelbarrow |
| 16:18 | Build | Market |
| 16:24 | Build | Blacksmith |
| 16:29 | Create | Villager (Male) |
| 16:32 | Create | Villager (Male) |
| 17:32 | Research | Castle Age |
| 17:32 | Research | Castle Age |
| 17:32 | Research | Castle Age |
| 18:08 | Research | Double-Bit Axe |
| 18:12 | Research | Gold Mining |
| 18:13 | Research | Stone Mining |
| 18:18 | Research | Horse Collar |
| 18:38 | Create | Villager (Male) |
| 18:38 | Create | Villager (Male) |
| 18:38 | Create | Villager (Male) |
| 18:39 | Create | Villager (Male) |
| 20:12 | Age | Castle Age |
| 20:18 | Build | Town Center |
| 20:23 | Build | Town Center |
| 20:31 | Build | Town Center |
| 21:12 | Research | Bow Saw |
| 21:18 | Research | Hand Cart |
| 21:24 | Research | Town Watch |
| 21:37 | Create | Villager (Male) ×4 |
| 21:37 | Create | Villager (Male) ×4 |
| 21:37 | Create | Villager (Male) ×4 |
| 22:05 | Build | Farm |
| 22:06 | Build | Farm |
| 22:07 | Build | Farm |
| 22:09 | Build | Farm |
| 22:11 | Build | Farm |
| 22:12 | Build | Farm |
| 22:13 | Build | Farm |
| 22:18 | Build | Farm |
| 22:20 | Build | Farm |
| 22:33 | Build | Farm |
| 22:36 | Create | Villager (Male) |
| 22:39 | Create | Villager (Male) |
| 22:39 | Create | Villager (Male) |
| 22:40 | Create | Villager (Male) |
| 22:40 | Create | Villager (Male) |
| 22:42 | Create | Villager (Male) |
| 22:43 | Create | Villager (Male) |
| 22:43 | Create | Villager (Male) |
| 23:06 | Create | Villager (Male) |
| 23:06 | Create | Villager (Male) |
| 23:06 | Create | Villager (Male) |
| 23:18 | Build | Farm |
| 23:19 | Build | Farm |
| 23:21 | Build | Farm |
| 23:22 | Build | Farm |
| 23:26 | Create | Villager (Male) |
| 23:27 | Create | Villager (Male) |
| 23:30 | Create | Villager (Male) |
| 23:30 | Create | Villager (Male) |
| 23:31 | Create | Villager (Male) |
| 23:39 | Build | Farm |
| 23:42 | Create | Villager (Male) ×2 |
| 23:43 | Create | Villager (Male) ×2 |
| 23:43 | Create | Villager (Male) ×2 |
| 23:51 | Create | Villager (Male) |
| 23:52 | Create | Villager (Male) |
| 23:52 | Create | Villager (Male) |
| 24:00 | Create | Villager (Male) |
| 24:00 | Create | Villager (Male) |
| 24:00 | Create | Villager (Male) |
| 24:18 | Create | Villager (Male) |
| 24:18 | Create | Villager (Male) |
| 24:18 | Create | Villager (Male) |
| 24:19 | Create | Villager (Male) |
| 24:22 | Create | Villager (Male) |
| 24:22 | Create | Villager (Male) |
| 24:25 | Create | Villager (Male) |
| 24:25 | Create | Villager (Male) |
| 24:31 | Build | Farm |
| 24:32 | Build | Farm |
| 24:36 | Create | Villager (Male) |
| 24:36 | Create | Villager (Male) |
| 24:36 | Create | Villager (Male) |
| 24:44 | Build | Farm |
| 24:45 | Build | Farm |
| 24:48 | Create | Villager (Male) ×3 |
| 24:48 | Create | Villager (Male) ×3 |
Build order — 𝓰𝓸𝓭𝓵𝓲𝓴𝓮
First 150 of 235 actions detected
| 0:03 | Create | Villager (Male) ×4 |
| 0:06 | Build | House |
| 0:08 | Build | House |
| 1:28 | Create | Villager (Male) |
| 1:48 | Build | Lumber Camp |
| 2:08 | Create | Villager (Male) |
| 2:25 | Create | Villager (Male) |
| 2:59 | Create | Villager (Male) |
| 3:16 | Create | Villager (Male) |
| 3:54 | Build | House |
| 4:07 | Create | Villager (Male) |
| 4:07 | Create | Villager (Male) |
| 4:25 | Build | Mill |
| 4:58 | Create | Villager (Male) |
| 4:58 | Create | Villager (Male) |
| 5:54 | Create | Villager (Male) |
| 5:54 | Create | Villager (Male) |
| 6:18 | Build | House |
| 6:21 | Create | Villager (Male) |
| 6:22 | Create | Villager (Male) |
| 6:58 | Build | House |
| 7:12 | Create | Villager (Male) |
| 7:39 | Build | Lumber Camp |
| 7:43 | Create | Villager (Male) |
| 7:44 | Create | Villager (Male) |
| 8:12 | Create | Villager (Male) |
| 8:13 | Create | Villager (Male) |
| 9:09 | Build | Mining Camp |
| 9:39 | Research | Feudal Age |
| 10:41 | Build | Mill |
| 11:20 | Create | Villager (Male) |
| 11:21 | Create | Villager (Male) |
| 11:49 | Age | Feudal Age |
| 12:07 | Build | Market |
| 12:10 | Build | Blacksmith |
| 13:44 | Research | Castle Age |
| 14:27 | Research | Double-Bit Axe |
| 14:30 | Research | Tech 1014 |
| 14:58 | Build | Pasture |
| 15:27 | Build | Pasture |
| 15:31 | Build | Pasture |
| 16:23 | Age | Castle Age |
| 16:37 | Build | Town Center |
| 17:09 | Create | Villager (Male) |
| 17:09 | Create | Villager (Male) |
| 17:13 | Research | Bow Saw |
| 17:19 | Build | Town Center |
| 17:34 | Create | Villager (Male) |
| 17:35 | Create | Villager (Male) |
| 17:35 | Create | Villager (Male) |
| 17:36 | Create | Villager (Male) |
| 17:40 | Build | House |
| 17:43 | Build | House |
| 17:44 | Build | House |
| 18:01 | Create | Villager (Male) |
| 18:02 | Create | Villager (Male) |
| 18:14 | Build | Pasture |
| 18:17 | Build | Pasture |
| 18:20 | Create | Villager (Male) |
| 18:21 | Create | Villager (Male) |
| 18:38 | Create | Villager (Male) |
| 18:39 | Create | Villager (Male) |
| 18:46 | Create | Villager (Male) |
| 18:52 | Build | Pasture |
| 18:59 | Build | Pasture |
| 19:18 | Build | Pasture |
| 19:19 | Create | Villager (Male) |
| 19:20 | Create | Villager (Male) |
| 19:20 | Create | Villager (Male) |
| 19:49 | Build | Pasture |
| 19:50 | Create | Villager (Male) |
| 19:59 | Create | Villager (Male) |
| 20:00 | Create | Villager (Male) |
| 20:08 | Build | House |
| 20:10 | Build | House |
| 20:27 | Build | Pasture |
| 20:30 | Research | Tech 1013 |
| 20:39 | Create | Villager (Male) ×5 |
| 20:49 | Build | Pasture |
| 20:54 | Build | Pasture |
| 21:02 | Build | Pasture |
| 21:05 | Create | Villager (Male) |
| 21:08 | Create | Villager (Male) |
| 21:09 | Create | Villager (Male) |
| 21:09 | Create | Villager (Male) |
| 21:15 | Build | House |
| 21:19 | Build | House |
| 21:34 | Create | Villager (Male) ×5 |
| 21:41 | Build | Dock |
| 21:51 | Build | Pasture |
| 21:58 | Create | Villager (Male) ×5 |
| 22:10 | Build | House |
| 22:11 | Build | House |
| 22:32 | Build | Town Center |
| 22:40 | Create | Villager (Male) |
| 22:42 | Create | Villager (Male) |
| 22:43 | Create | Villager (Male) |
| 22:49 | Create | Fishing Ship |
| 23:07 | Create | Villager (Male) ×5 |
| 23:31 | Build | House |
| 23:36 | Create | Villager (Male) ×5 |
| 23:48 | Build | Pasture |
| 24:04 | Research | Wheelbarrow |
| 24:05 | Create | Villager (Male) ×5 |
| 24:13 | Build | Mining Camp |
| 25:09 | Create | Villager (Male) ×5 |
| 25:24 | Research | Loom |
| 25:24 | Create | Villager (Male) |
| 25:25 | Create | Villager (Male) |
| 25:37 | Create | Fishing Ship |
| 25:46 | Research | Gold Mining |
| 26:00 | Research | Hand Cart |
| 26:03 | Create | Villager (Male) ×5 |
| 26:16 | Build | University |
| 26:19 | Build | Monastery |
| 26:38 | Create | Villager (Male) ×5 |
| 27:15 | Create | Villager (Male) ×5 |
| 27:46 | Build | House |
| 27:47 | Build | House |
| 27:49 | Build | House |
| 28:02 | Research | Imperial Age |
| 28:24 | Build | Pasture |
| 28:30 | Build | Lumber Camp |
| 28:33 | Create | Villager (Male) ×5 |
| 28:43 | Research | Treadmill Crane |
| 29:09 | Build | Pasture |
| 29:14 | Create | Villager (Male) ×5 |
| 29:38 | Build | Town Center |
| 29:41 | Build | Mining Camp |
| 29:45 | Research | Tech 906 |
| 29:48 | Create | Villager (Male) ×5 |
| 30:28 | Research | Gillnets |
| 30:48 | Build | House |
| 30:49 | Build | House |
| 31:01 | Create | Villager (Male) ×5 |
| 31:17 | Build | Mining Camp |
| 31:20 | Build | Mining Camp |
| 31:44 | Create | Fishing Ship |
| 31:44 | Create | Fishing Ship |
| 31:50 | Age | Imperial Age |
| 31:55 | Create | Monk |
| 31:58 | Research | Fervor |
| 32:05 | Create | Villager (Male) ×5 |
| 32:19 | Research | Tech 1012 |
| 32:22 | Research | Two-Man Saw |
| 32:30 | Research | Stone Mining |
| 32:45 | Build | Barracks |
| 32:51 | Research | Ballistics |
| 32:53 | Research | Scale Mail Armor |
| 32:54 | Research | Fletching |
Build order — 88 elephant
First 150 of 584 actions detected
| 0:01 | Create | Villager (Male) |
| 0:02 | Create | Villager (Male) |
| 0:02 | Research | Loom |
| 0:03 | Research | Loom |
| 0:04 | Build | House |
| 0:06 | Build | House |
| 0:09 | Build | House |
| 0:16 | Create | Villager (Male) |
| 0:16 | Create | Villager (Male) |
| 0:17 | Create | Villager (Male) |
| 0:17 | Create | Villager (Male) |
| 0:17 | Create | Villager (Male) |
| 1:17 | Build | Palisade Wall |
| 1:47 | Build | Palisade Wall |
| 1:52 | Create | Villager (Male) |
| 1:53 | Create | Villager (Male) |
| 1:53 | Create | Villager (Male) |
| 2:25 | Build | Palisade Wall |
| 2:37 | Create | Villager (Male) |
| 3:08 | Build | House |
| 3:24 | Create | Villager (Male) |
| 3:25 | Create | Villager (Male) |
| 3:25 | Create | Villager (Male) |
| 3:40 | Build | House |
| 3:48 | Create | Villager (Male) |
| 3:48 | Create | Villager (Male) |
| 3:49 | Create | Villager (Male) |
| 4:08 | Build | House |
| 4:19 | Create | Villager (Male) |
| 4:20 | Create | Villager (Male) |
| 4:20 | Create | Villager (Male) |
| 4:43 | Create | Villager (Male) |
| 4:43 | Create | Villager (Male) |
| 4:43 | Create | Villager (Male) |
| 4:56 | Create | Villager (Male) |
| 4:56 | Create | Villager (Male) |
| 4:56 | Create | Villager (Male) |
| 5:35 | Create | Villager (Male) |
| 5:35 | Create | Villager (Male) |
| 5:35 | Create | Villager (Male) |
| 5:36 | Create | Villager (Male) |
| 5:36 | Create | Villager (Male) |
| 5:57 | Build | Lumber Camp |
| 6:05 | Create | Villager (Male) |
| 6:05 | Create | Villager (Male) |
| 6:06 | Create | Villager (Male) |
| 6:30 | Create | Villager (Male) |
| 6:30 | Create | Villager (Male) |
| 6:30 | Create | Villager (Male) |
| 6:40 | Create | Villager (Male) |
| 6:40 | Create | Villager (Male) |
| 6:40 | Create | Villager (Male) |
| 7:14 | Create | Villager (Male) |
| 7:14 | Create | Villager (Male) |
| 7:15 | Create | Villager (Male) |
| 7:15 | Create | Villager (Male) |
| 7:36 | Create | Villager (Male) |
| 7:37 | Create | Villager (Male) |
| 7:37 | Create | Villager (Male) |
| 7:47 | Build | Dock |
| 8:25 | Build | House |
| 8:49 | Create | Fishing Ship |
| 9:21 | Create | Villager (Male) |
| 9:23 | Create | Fishing Ship |
| 9:52 | Build | Mill |
| 10:08 | Research | Feudal Age |
| 10:17 | Build | Mining Camp |
| 10:58 | Create | Fishing Ship |
| 11:01 | Create | Fishing Ship |
| 11:45 | Create | Fishing Ship |
| 12:12 | Create | Fishing Ship |
| 12:20 | Age | Feudal Age |
| 12:23 | Create | Villager (Male) |
| 12:23 | Create | Villager (Male) |
| 12:25 | Build | Market |
| 12:30 | Build | Blacksmith |
| 12:56 | Build | Stone Wall |
| 12:59 | Build | Stone Wall |
| 13:09 | Create | Villager (Male) |
| 13:11 | Create | Fishing Ship |
| 13:24 | Build | Farm |
| 13:37 | Create | Villager (Male) |
| 14:07 | Research | Castle Age |
| 14:07 | Research | Castle Age |
| 14:08 | Research | Castle Age |
| 14:14 | Build | Mining Camp |
| 14:36 | Build | Fish Trap |
| 14:43 | Research | Double-Bit Axe |
| 15:01 | Build | Stone Wall |
| 15:03 | Build | Gate |
| 15:25 | Build | Farm |
| 15:27 | Build | Farm |
| 15:31 | Research | Horse Collar |
| 15:40 | Build | Fish Trap |
| 16:27 | Build | Outpost |
| 16:33 | Create | Villager (Male) |
| 16:33 | Create | Villager (Male) |
| 16:47 | Age | Castle Age |
| 16:51 | Build | Town Center |
| 16:56 | Create | Villager (Male) |
| 16:56 | Create | Villager (Male) |
| 17:02 | Build | Town Center |
| 17:08 | Build | House |
| 17:14 | Research | Wheelbarrow |
| 17:36 | Build | Fish Trap |
| 17:42 | Create | Villager (Male) |
| 17:42 | Create | Villager (Male) |
| 17:57 | Build | Fish Trap |
| 18:08 | Create | Villager (Male) |
| 18:08 | Create | Villager (Male) |
| 18:09 | Create | Villager (Male) |
| 18:10 | Create | Villager (Male) |
| 18:22 | Build | Fish Trap |
| 18:36 | Build | Fish Trap |
| 18:40 | Build | House |
| 18:41 | Build | House |
| 18:45 | Create | Villager (Male) |
| 18:48 | Create | Villager (Male) |
| 18:48 | Create | Villager (Male) |
| 19:03 | Create | Villager (Male) |
| 19:05 | Create | Villager (Male) |
| 19:18 | Build | Farm |
| 19:22 | Build | Farm |
| 19:26 | Build | House |
| 19:41 | Create | Villager (Male) |
| 19:43 | Create | Villager (Male) |
| 20:03 | Build | House |
| 20:04 | Build | House |
| 20:14 | Build | Siege Workshop |
| 20:22 | Build | Monastery |
| 20:26 | Create | Villager (Male) |
| 20:27 | Create | Villager (Male) |
| 20:29 | Create | Villager (Male) |
| 20:29 | Create | Villager (Male) |
| 20:44 | Build | Town Center |
| 20:55 | Build | Farm |
| 21:00 | Create | Villager (Male) |
| 21:02 | Build | Farm |
| 21:10 | Build | Farm |
| 21:12 | Build | Farm |
| 21:14 | Build | Farm |
| 21:17 | Build | House |
| 21:22 | Create | Monk |
| 21:27 | Create | Mangonel |
| 21:32 | Build | Farm |
| 21:35 | Create | Villager (Male) |
| 21:35 | Create | Villager (Male) |
| 21:37 | Create | Villager (Male) |
| 21:41 | Create | Villager (Male) |
| 21:47 | Build | House |
Build order — lucas_esteves_
First 150 of 490 actions detected
| 0:05 | Build | House |
| 0:05 | Create | Villager (Male) |
| 0:05 | Create | Villager (Male) |
| 0:06 | Create | Villager (Male) |
| 0:40 | Build | House |
| 0:55 | Create | Villager (Male) |
| 0:55 | Create | Villager (Male) |
| 1:56 | Create | Villager (Male) |
| 1:57 | Create | Villager (Male) |
| 1:58 | Create | Villager (Male) |
| 2:15 | Build | Lumber Camp |
| 3:01 | Create | Villager (Male) |
| 3:01 | Create | Villager (Male) |
| 3:31 | Build | House |
| 3:45 | Create | Villager (Male) |
| 3:59 | Build | House |
| 4:32 | Build | House |
| 5:25 | Create | Villager (Male) |
| 5:25 | Create | Villager (Male) |
| 5:25 | Create | Villager (Male) |
| 5:35 | Build | Dock |
| 6:21 | Build | Mill |
| 6:50 | Create | Villager (Male) |
| 6:51 | Create | Villager (Male) |
| 7:10 | Create | Fishing Ship |
| 7:27 | Create | Villager (Male) |
| 7:27 | Create | Villager (Male) |
| 8:35 | Create | Fishing Ship |
| 9:05 | Create | Villager (Male) |
| 9:59 | Create | Villager (Male) |
| 10:09 | Create | Fishing Ship |
| 10:32 | Build | Farm |
| 11:17 | Research | Feudal Age |
| 11:49 | Create | Fishing Ship |
| 12:13 | Create | Fishing Ship |
| 12:43 | Create | Villager (Male) |
| 12:44 | Create | Villager (Male) |
| 12:44 | Create | Villager (Male) |
| 13:27 | Age | Feudal Age |
| 13:30 | Create | Villager (Male) |
| 13:31 | Create | Villager (Male) |
| 13:40 | Build | Barracks |
| 13:42 | Create | Villager (Male) |
| 13:53 | Build | Fish Trap |
| 14:05 | Build | Market |
| 14:29 | Create | Demolition Raft |
| 14:35 | Build | House |
| 14:35 | Build | House |
| 14:36 | Build | House |
| 14:46 | Build | Stable |
| 14:53 | Build | Blacksmith |
| 15:01 | Research | Wheelbarrow |
| 15:31 | Build | Farm |
| 15:34 | Build | Farm |
| 15:37 | Build | Farm |
| 15:40 | Build | Farm |
| 15:47 | Build | Farm |
| 15:49 | Build | Farm |
| 15:54 | Build | Farm |
| 16:07 | Build | Mining Camp |
| 16:14 | Build | Farm |
| 16:26 | Research | Double-Bit Axe |
| 16:59 | Build | Fish Trap |
| 17:18 | Create | Villager (Male) |
| 17:18 | Create | Villager (Male) |
| 17:19 | Create | Villager (Male) |
| 17:26 | Build | Fish Trap |
| 17:52 | Build | Farm |
| 17:59 | Research | Horse Collar |
| 18:31 | Build | Mining Camp |
| 18:35 | Create | Villager (Male) |
| 18:36 | Create | Villager (Male) |
| 18:44 | Build | Farm |
| 18:58 | Build | Fish Trap |
| 19:07 | Build | Fish Trap |
| 19:20 | Create | Fishing Ship |
| 19:38 | Create | Villager (Male) |
| 19:41 | Create | Villager (Male) |
| 19:41 | Create | Villager (Male) |
| 20:00 | Create | Fishing Ship |
| 20:11 | Build | Fish Trap |
| 20:41 | Research | Castle Age |
| 20:46 | Build | Fish Trap |
| 21:06 | Build | House |
| 21:07 | Build | House |
| 21:17 | Build | Lumber Camp |
| 21:52 | Create | Demolition Raft |
| 21:57 | Create | Fishing Ship |
| 22:16 | Build | Archery Range |
| 22:45 | Build | Fish Trap |
| 22:48 | Create | Demolition Raft |
| 22:53 | Create | Fishing Ship |
| 23:26 | Build | Dock |
| 23:33 | Age | Castle Age |
| 23:37 | Build | Fish Trap |
| 23:44 | Create | Villager (Male) |
| 23:44 | Create | Villager (Male) |
| 23:45 | Create | Villager (Male) |
| 23:45 | Create | Villager (Male) |
| 23:46 | Create | Villager (Male) |
| 23:47 | Create | Villager (Male) |
| 24:09 | Research | Tech 906 |
| 24:15 | Research | Heavy Plow |
| 24:22 | Build | Farm |
| 24:49 | Build | Town Center |
| 24:53 | Create | Villager (Male) |
| 25:05 | Build | House |
| 25:06 | Build | House |
| 25:21 | Create | Trade Cart |
| 25:21 | Create | Trade Cart |
| 25:30 | Create | Demolition Raft |
| 25:31 | Create | Demolition Raft |
| 25:44 | Build | Lumber Camp |
| 25:54 | Build | Farm |
| 26:01 | Build | Farm |
| 26:02 | Build | Farm |
| 26:17 | Build | Farm |
| 26:17 | Build | Farm |
| 26:29 | Create | Fishing Ship |
| 26:29 | Create | Fishing Ship |
| 26:37 | Build | Farm |
| 26:40 | Build | Farm |
| 27:02 | Build | Castle |
| 27:15 | Create | Villager (Male) |
| 27:18 | Create | Villager (Male) |
| 27:18 | Create | Villager (Male) |
| 27:18 | Create | Villager (Male) |
| 27:19 | Create | Villager (Male) |
| 27:19 | Create | Villager (Male) |
| 27:19 | Create | Villager (Male) |
| 27:20 | Create | Villager (Male) |
| 27:20 | Create | Villager (Male) |
| 27:20 | Create | Villager (Male) |
| 27:36 | Build | Monastery |
| 27:53 | Build | Farm |
| 28:05 | Create | Fishing Ship |
| 28:05 | Create | Fishing Ship |
| 28:33 | Create | Monk |
| 28:38 | Create | Monk |
| 28:42 | Create | Villager (Male) |
| 28:42 | Create | Villager (Male) |
| 28:42 | Create | Villager (Male) |
| 28:43 | Create | Villager (Male) |
| 28:49 | Build | Town Center |
| 28:57 | Build | House |
| 28:58 | Build | House |
| 28:58 | Build | House |
| 28:59 | Build | House |
| 28:59 | Build | House |
| 28:59 | Build | House |
Build order — Alexyesidg
First 150 of 173 actions detected
| 0:37 | Build | House |
| 0:57 | Research | Loom |
| 0:58 | Create | Villager (Male) ×4 |
| 2:03 | Build | Palisade Wall |
| 2:24 | Build | Palisade Wall |
| 3:15 | Build | Palisade Wall |
| 3:17 | Build | Palisade Wall |
| 4:31 | Build | Palisade Wall |
| 4:45 | Build | Palisade Wall |
| 5:57 | Create | Villager (Male) ×5 |
| 6:30 | Build | House |
| 6:32 | Build | House |
| 7:51 | Build | House |
| 7:53 | Build | House |
| 7:54 | Build | House |
| 8:14 | Create | Villager (Male) ×5 |
| 8:14 | Create | Villager (Male) ×5 |
| 8:35 | Build | Palisade Wall |
| 8:46 | Create | Villager (Male) ×2 |
| 8:46 | Create | Villager (Male) ×2 |
| 9:19 | Build | House |
| 10:11 | Build | House |
| 10:17 | Build | House |
| 10:53 | Build | House |
| 10:55 | Build | House |
| 11:49 | Build | Mill |
| 12:37 | Create | Villager (Male) ×5 |
| 13:03 | Build | House |
| 13:14 | Build | Farm |
| 13:28 | Build | Lumber Camp |
| 13:40 | Build | Farm |
| 14:28 | Research | Feudal Age |
| 15:03 | Create | Villager (Male) ×2 |
| 15:15 | Build | Barracks |
| 16:52 | Age | Feudal Age |
| 16:54 | Research | Horse Collar |
| 16:58 | Research | Town Watch |
| 17:00 | Research | Wheelbarrow |
| 17:13 | Research | Double-Bit Axe |
| 17:25 | Build | Mining Camp |
| 17:44 | Build | Lumber Camp |
| 18:01 | Build | Mining Camp |
| 18:04 | Create | Villager (Male) ×3 |
| 18:39 | Build | Farm |
| 18:40 | Build | Farm |
| 18:41 | Build | Farm |
| 18:43 | Build | Farm |
| 18:44 | Build | Farm |
| 18:45 | Build | Farm |
| 18:51 | Research | Arson |
| 19:19 | Research | Gold Mining |
| 19:46 | Build | Stone Wall |
| 19:52 | Build | Stone Wall |
| 20:10 | Build | Stone Wall |
| 20:14 | Build | Stone Wall |
| 20:19 | Build | Stone Wall |
| 20:26 | Build | Stone Wall |
| 21:00 | Build | Farm |
| 21:02 | Build | Farm |
| 21:04 | Build | Farm |
| 21:30 | Create | Villager (Male) ×5 |
| 21:59 | Research | Man-at-Arms (upgrade) |
| 22:25 | Build | Market |
| 22:39 | Build | Blacksmith |
| 23:00 | Create | Villager (Male) ×5 |
| 23:18 | Build | Dock |
| 23:32 | Research | Fletching |
| 23:46 | Build | Stone Wall |
| 23:49 | Build | Stone Wall |
| 23:52 | Build | Stone Wall |
| 24:09 | Research | Stone Mining |
| 24:23 | Create | Trade Cart ×2 |
| 24:46 | Build | Stable |
| 25:17 | Build | Archery Range |
| 25:47 | Research | Padded Archer Armor |
| 25:51 | Research | Tech 906 |
| 25:52 | Create | Fishing Ship ×4 |
| 26:08 | Build | Watch Tower |
| 26:30 | Build | Farm |
| 26:32 | Build | Farm |
| 26:34 | Build | Farm |
| 26:35 | Build | Farm |
| 26:36 | Build | Farm |
| 26:59 | Research | Forging |
| 27:00 | Research | Scale Mail Armor |
| 27:00 | Research | Scale Barding Armor |
| 27:37 | Build | Watch Tower |
| 27:50 | Build | Farm |
| 28:06 | Create | Skirmisher ×5 |
| 28:22 | Build | Farm |
| 28:23 | Build | Farm |
| 28:24 | Build | Farm |
| 28:26 | Build | Farm |
| 28:28 | Build | Farm |
| 28:30 | Create | Villager (Male) ×5 |
| 29:18 | Build | Lumber Camp |
| 29:25 | Research | Castle Age |
| 29:34 | Create | Skirmisher ×2 |
| 29:47 | Build | House |
| 29:49 | Build | House |
| 29:49 | Build | House |
| 30:02 | Build | Lumber Camp |
| 31:25 | Research | Bloodlines |
| 32:19 | Create | Skirmisher |
| 32:19 | Create | Skirmisher |
| 32:19 | Create | Skirmisher |
| 32:50 | Build | Stone Wall |
| 33:16 | Age | Castle Age |
| 33:23 | Research | Stone Shaft Mining |
| 33:26 | Research | Hand Cart |
| 33:26 | Research | Town Patrol |
| 33:36 | Build | University |
| 33:47 | Research | Bow Saw |
| 34:00 | Research | Bodkin Arrow |
| 34:01 | Research | Leather Archer Armor |
| 34:20 | Research | Crossbowman (upgrade) |
| 34:32 | Create | Villager (Male) ×5 |
| 34:32 | Create | Villager (Male) ×5 |
| 34:33 | Create | Villager (Male) ×5 |
| 34:55 | Build | Castle |
| 35:14 | Research | Murder Holes |
| 35:15 | Research | Treadmill Crane |
| 35:16 | Research | Guard Tower (upgrade) |
| 35:22 | Build | Monastery |
| 35:26 | Research | Tech 909 |
| 35:33 | Research | Gold Shaft Mining |
| 35:41 | Build | Fish Trap |
| 36:17 | Research | Husbandry |
| 36:24 | Research | Light Cavalry (upgrade) |
| 36:34 | Build | Fish Trap |
| 36:41 | Research | Ballistics |
| 37:07 | Build | House |
| 37:08 | Build | House |
| 37:09 | Build | House |
| 37:10 | Build | House |
| 37:13 | Build | House |
| 37:14 | Build | House |
| 37:18 | Build | House |
| 37:27 | Research | Fortified Wall (upgrade) |
| 38:06 | Research | Pikeman (upgrade) |
| 38:07 | Research | Squires |
| 38:07 | Research | Gambesons |
| 38:50 | Research | Tech 996 |
| 38:51 | Create | Unit 1908 ×5 |
| 38:51 | Create | Unit 1908 ×5 |
| 39:23 | Research | Heavy Plow |
| 40:00 | Build | Stone Wall |
| 40:45 | Build | Stone Wall |
| 41:13 | Build | Stone Wall |
| 41:25 | Build | Gate |
Build order — Rahmi
First 150 of 379 actions detected
| 0:04 | Create | Villager (Male) ×4 |
| 0:04 | Create | Villager (Male) ×4 |
| 0:05 | Research | Loom |
| 0:07 | Build | House |
| 0:07 | Build | House |
| 0:08 | Build | House |
| 0:08 | Build | House |
| 0:44 | Build | Palisade Wall |
| 0:46 | Build | Palisade Wall |
| 1:12 | Build | Mill |
| 1:31 | Build | Palisade Wall |
| 2:17 | Create | Villager (Male) |
| 2:17 | Create | Villager (Male) |
| 2:17 | Create | Villager (Male) |
| 2:40 | Build | House |
| 2:48 | Create | Villager (Male) |
| 2:48 | Create | Villager (Male) |
| 2:49 | Create | Villager (Male) |
| 3:20 | Create | Villager (Male) ×2 |
| 3:20 | Create | Villager (Male) ×2 |
| 3:21 | Create | Villager (Male) ×2 |
| 4:56 | Create | Villager (Male) ×2 |
| 4:56 | Create | Villager (Male) ×2 |
| 4:57 | Create | Villager (Male) ×2 |
| 5:48 | Create | Villager (Male) ×2 |
| 5:48 | Create | Villager (Male) ×2 |
| 5:48 | Create | Villager (Male) ×2 |
| 6:21 | Build | Lumber Camp |
| 6:30 | Create | Villager (Male) |
| 6:30 | Create | Villager (Male) |
| 6:56 | Create | Villager (Male) |
| 6:56 | Create | Villager (Male) ×2 |
| 6:56 | Create | Villager (Male) |
| 7:16 | Build | House |
| 7:26 | Build | House |
| 7:41 | Create | Villager (Male) ×4 |
| 7:42 | Create | Villager (Male) ×4 |
| 7:42 | Create | Villager (Male) ×4 |
| 8:16 | Create | Villager (Male) |
| 8:17 | Create | Villager (Male) ×2 |
| 8:30 | Build | House |
| 8:37 | Create | Villager (Male) ×2 |
| 8:37 | Create | Villager (Male) ×2 |
| 9:04 | Build | House |
| 9:58 | Build | Lumber Camp |
| 10:05 | Create | Villager (Male) ×5 |
| 10:06 | Create | Villager (Male) ×5 |
| 10:06 | Create | Villager (Male) ×4 |
| 10:18 | Research | Feudal Age |
| 10:19 | Create | Villager (Male) |
| 10:19 | Create | Villager (Male) |
| 10:30 | Build | Mill |
| 11:15 | Create | Villager (Male) ×3 |
| 11:16 | Create | Villager (Male) ×4 |
| 11:16 | Create | Villager (Male) |
| 11:33 | Build | House |
| 11:33 | Build | House |
| 11:34 | Build | House |
| 11:34 | Build | House |
| 11:35 | Build | House |
| 11:35 | Build | House |
| 11:35 | Build | House |
| 11:36 | Build | House |
| 11:36 | Build | House |
| 11:37 | Build | House |
| 12:04 | Create | Villager (Male) ×4 |
| 12:05 | Create | Villager (Male) ×4 |
| 12:20 | Build | Mining Camp |
| 12:39 | Age | Feudal Age |
| 12:41 | Research | Wheelbarrow |
| 12:42 | Create | Villager (Male) ×2 |
| 12:42 | Create | Villager (Male) ×2 |
| 12:50 | Build | Stone Wall |
| 12:52 | Build | Stone Wall |
| 13:10 | Research | Double-Bit Axe |
| 13:30 | Research | Horse Collar |
| 13:30 | Research | Horse Collar |
| 13:41 | Build | Mining Camp |
| 13:45 | Create | Villager (Male) ×2 |
| 13:45 | Create | Villager (Male) ×2 |
| 14:16 | Create | Villager (Male) ×5 |
| 14:17 | Create | Villager (Male) ×5 |
| 14:17 | Create | Villager (Male) ×5 |
| 14:27 | Build | Stone Wall |
| 14:37 | Build | Market |
| 15:07 | Build | Dock |
| 15:27 | Build | Farm |
| 15:28 | Build | Farm |
| 15:28 | Build | Farm |
| 15:28 | Build | Farm |
| 15:28 | Build | Farm |
| 15:29 | Build | Farm |
| 15:29 | Build | Farm |
| 15:42 | Build | Farm |
| 15:42 | Build | Farm |
| 15:42 | Build | Farm |
| 15:43 | Build | Farm |
| 15:43 | Build | Farm |
| 15:56 | Build | House |
| 15:58 | Build | House |
| 16:18 | Create | Fishing Ship ×3 |
| 16:19 | Create | Fishing Ship ×3 |
| 16:37 | Create | Fishing Ship |
| 16:38 | Create | Fishing Ship |
| 17:03 | Build | Farm |
| 17:03 | Build | Farm |
| 17:03 | Build | Farm |
| 17:04 | Build | Farm |
| 17:04 | Build | Farm |
| 17:18 | Build | Stone Wall |
| 17:29 | Create | Villager (Male) ×2 |
| 17:29 | Create | Villager (Male) ×2 |
| 17:37 | Build | Lumber Camp |
| 17:40 | Build | Lumber Camp |
| 17:53 | Build | Farm |
| 17:53 | Build | Farm |
| 17:53 | Build | Farm |
| 18:23 | Build | Blacksmith |
| 18:38 | Research | Tech 906 |
| 18:56 | Build | Watch Tower |
| 19:16 | Build | Barracks |
| 19:35 | Research | Town Watch |
| 19:52 | Research | Stone Mining |
| 19:54 | Research | Gold Mining |
| 19:58 | Create | Villager (Male) |
| 19:58 | Create | Villager (Male) |
| 19:58 | Create | Villager (Male) |
| 19:59 | Create | Villager (Male) |
| 20:18 | Create | Villager (Male) |
| 20:29 | Build | Farm |
| 20:29 | Build | Farm |
| 20:29 | Build | Farm |
| 20:30 | Build | Farm |
| 20:30 | Build | Farm |
| 20:55 | Research | Castle Age |
| 21:24 | Create | Militia ×3 |
| 21:25 | Create | Militia ×3 |
| 21:25 | Create | Militia ×3 |
| 21:45 | Build | Stable |
| 21:49 | Build | Archery Range |
| 21:57 | Create | Militia ×4 |
| 22:09 | Create | Fishing Ship ×4 |
| 22:17 | Research | Scale Mail Armor |
| 22:27 | Research | Forging |
| 22:39 | Create | Trade Cart |
| 22:40 | Create | Trade Cart |
| 22:53 | Create | Trade Cart |
| 22:53 | Create | Trade Cart |
| 23:35 | Age | Castle Age |
| 24:00 | Build | Castle |
Build order — itus.do
First 150 of 626 actions detected
| 0:04 | Create | Villager (Male) |
| 0:04 | Create | Villager (Male) |
| 0:04 | Create | Villager (Male) |
| 0:05 | Create | Villager (Male) |
| 0:06 | Build | House |
| 0:10 | Build | House |
| 0:30 | Research | Loom |
| 0:31 | Create | Villager (Male) |
| 0:31 | Create | Villager (Male) |
| 0:31 | Create | Villager (Male) |
| 0:32 | Create | Villager (Male) |
| 0:34 | Create | Villager (Male) |
| 1:10 | Build | Palisade Wall |
| 1:13 | Build | Palisade Wall |
| 2:26 | Create | Villager (Male) |
| 2:26 | Create | Villager (Male) |
| 2:51 | Create | Villager (Male) |
| 3:27 | Build | Palisade Wall |
| 4:29 | Create | Villager (Male) |
| 4:29 | Create | Villager (Male) |
| 4:30 | Create | Villager (Male) |
| 4:30 | Create | Villager (Male) |
| 4:30 | Create | Villager (Male) |
| 4:57 | Create | Villager (Male) |
| 4:57 | Create | Villager (Male) |
| 4:57 | Create | Villager (Male) |
| 5:57 | Build | House |
| 5:59 | Create | Villager (Male) |
| 5:59 | Create | Villager (Male) |
| 6:00 | Create | Villager (Male) |
| 6:45 | Create | Villager (Male) |
| 6:46 | Create | Villager (Male) |
| 6:46 | Create | Villager (Male) |
| 7:23 | Create | Villager (Male) |
| 7:24 | Create | Villager (Male) |
| 7:24 | Create | Villager (Male) |
| 7:40 | Build | Mining Camp |
| 7:54 | Create | Villager (Male) |
| 7:54 | Create | Villager (Male) |
| 8:09 | Build | Lumber Camp |
| 8:21 | Create | Villager (Male) |
| 8:21 | Create | Villager (Male) |
| 8:21 | Create | Villager (Male) |
| 8:22 | Create | Villager (Male) |
| 8:55 | Create | Villager (Male) |
| 8:56 | Create | Villager (Male) |
| 8:56 | Create | Villager (Male) |
| 9:04 | Build | House |
| 9:33 | Build | Mill |
| 9:42 | Create | Villager (Male) |
| 9:42 | Create | Villager (Male) |
| 9:43 | Create | Villager (Male) |
| 9:45 | Create | Villager (Male) |
| 9:45 | Create | Villager (Male) |
| 9:46 | Create | Villager (Male) |
| 10:18 | Create | Villager (Male) |
| 10:18 | Create | Villager (Male) |
| 10:18 | Create | Villager (Male) |
| 10:55 | Build | Palisade Wall |
| 10:56 | Build | Palisade Wall |
| 11:00 | Build | Palisade Wall |
| 11:24 | Build | Mining Camp |
| 12:09 | Research | Feudal Age |
| 12:52 | Research | Double-Bit Axe |
| 13:15 | Create | Villager (Male) |
| 13:15 | Create | Villager (Male) |
| 13:15 | Create | Villager (Male) |
| 13:25 | Build | Farm |
| 13:29 | Research | Horse Collar |
| 13:38 | Build | House |
| 13:58 | Build | Farm |
| 14:17 | Build | House |
| 14:22 | Age | Feudal Age |
| 14:34 | Build | Stone Wall |
| 14:35 | Build | Stone Wall |
| 14:43 | Create | Villager (Male) |
| 14:47 | Build | Farm |
| 14:48 | Build | Farm |
| 15:17 | Create | Villager (Male) |
| 15:18 | Create | Villager (Male) |
| 15:18 | Create | Villager (Male) |
| 15:30 | Build | Stone Wall |
| 15:31 | Build | Stone Wall |
| 15:32 | Build | Stone Wall |
| 15:33 | Build | Stone Wall |
| 15:37 | Build | Stone Wall |
| 15:42 | Build | Gate |
| 16:00 | Build | House |
| 16:03 | Build | House |
| 16:16 | Build | Market |
| 16:18 | Create | Villager (Male) |
| 16:20 | Build | Farm |
| 16:50 | Build | Blacksmith |
| 17:03 | Build | Farm |
| 17:14 | Create | Villager (Male) |
| 17:19 | Build | Farm |
| 17:37 | Create | Villager (Male) |
| 17:41 | Build | Farm |
| 17:54 | Build | Farm |
| 18:07 | Create | Villager (Male) |
| 18:17 | Create | Villager (Male) |
| 18:26 | Build | Farm |
| 18:42 | Build | Farm |
| 19:01 | Research | Castle Age |
| 19:24 | Research | Gold Mining |
| 19:50 | Research | Heavy Plow |
| 19:50 | Research | Heavy Plow |
| 20:10 | Research | Bow Saw |
| 20:26 | Build | Farm |
| 20:44 | Build | Farm |
| 21:34 | Research | Stone Mining |
| 21:41 | Age | Castle Age |
| 21:43 | Create | Villager (Male) |
| 21:43 | Create | Villager (Male) |
| 21:44 | Create | Villager (Male) |
| 21:44 | Create | Villager (Male) |
| 21:44 | Create | Villager (Male) |
| 21:44 | Create | Villager (Male) |
| 21:45 | Create | Villager (Male) |
| 21:45 | Create | Villager (Male) |
| 21:45 | Create | Villager (Male) |
| 21:59 | Build | Town Center |
| 22:20 | Create | Villager (Male) |
| 22:55 | Build | Town Center |
| 23:01 | Create | Villager (Male) |
| 23:27 | Create | Villager (Male) |
| 23:28 | Create | Villager (Male) |
| 23:28 | Create | Villager (Male) |
| 23:29 | Create | Villager (Male) |
| 23:31 | Create | Villager (Male) |
| 23:55 | Build | Monastery |
| 23:58 | Create | Villager (Male) |
| 24:11 | Build | Town Center |
| 24:18 | Create | Villager (Male) |
| 24:20 | Create | Villager (Male) |
| 24:27 | Create | Villager (Male) |
| 24:28 | Create | Villager (Male) |
| 24:28 | Create | Villager (Male) |
| 24:28 | Create | Villager (Male) |
| 24:28 | Create | Villager (Male) |
| 24:29 | Create | Villager (Male) |
| 24:40 | Create | Monk |
| 24:40 | Create | Monk |
| 25:11 | Create | Villager (Male) |
| 25:11 | Create | Villager (Male) |
| 25:12 | Create | Villager (Male) |
| 25:12 | Create | Villager (Male) |
| 25:17 | Create | Villager (Male) |
| 25:18 | Create | Villager (Male) |
| 25:18 | Create | Villager (Male) |
Build order — ChippaGNL
First 150 of 607 actions detected
| 0:03 | Build | House |
| 0:06 | Build | House |
| 0:12 | Create | Villager (Male) |
| 0:12 | Create | Villager (Male) |
| 0:12 | Create | Villager (Male) |
| 0:12 | Create | Villager (Male) |
| 0:13 | Create | Villager (Male) |
| 1:59 | Build | Mill |
| 2:13 | Create | Villager (Male) |
| 2:13 | Create | Villager (Male) |
| 2:28 | Create | Villager (Male) |
| 2:29 | Create | Villager (Male) |
| 2:39 | Create | Villager (Male) |
| 2:39 | Create | Villager (Male) |
| 3:21 | Create | Villager (Male) |
| 3:22 | Create | Villager (Male) |
| 3:44 | Create | Villager (Male) |
| 3:44 | Create | Villager (Male) |
| 4:27 | Build | House |
| 4:29 | Create | Villager (Male) |
| 4:29 | Create | Villager (Male) |
| 4:30 | Create | Villager (Male) |
| 4:30 | Create | Villager (Male) |
| 5:07 | Create | Villager (Male) |
| 5:07 | Create | Villager (Male) |
| 5:46 | Create | Villager (Male) |
| 6:14 | Build | House |
| 6:20 | Create | Villager (Male) |
| 6:21 | Create | Villager (Male) |
| 6:29 | Create | Villager (Male) |
| 6:51 | Build | Mill |
| 6:57 | Create | Villager (Male) |
| 6:57 | Create | Villager (Male) |
| 7:17 | Create | Villager (Male) |
| 7:40 | Create | Villager (Male) |
| 8:15 | Create | Villager (Male) |
| 8:31 | Create | Villager (Male) |
| 9:33 | Build | House |
| 10:03 | Research | Feudal Age |
| 10:18 | Build | House |
| 10:56 | Create | Villager (Male) |
| 10:56 | Create | Villager (Male) |
| 11:17 | Build | Lumber Camp |
| 12:06 | Create | Villager (Male) |
| 12:07 | Create | Villager (Male) |
| 12:13 | Age | Feudal Age |
| 12:19 | Research | Horse Collar |
| 12:22 | Research | Double-Bit Axe |
| 13:15 | Create | Villager (Male) |
| 13:16 | Create | Villager (Male) |
| 13:33 | Build | Farm |
| 13:59 | Build | Farm |
| 14:08 | Create | Villager (Male) |
| 14:08 | Create | Villager (Male) |
| 14:22 | Build | Mining Camp |
| 14:49 | Build | Farm |
| 14:53 | Build | Farm |
| 15:02 | Create | Villager (Male) |
| 15:16 | Build | Blacksmith |
| 15:38 | Build | Market |
| 15:46 | Build | House |
| 15:53 | Create | Villager (Male) |
| 16:03 | Build | House |
| 16:26 | Create | Villager (Male) |
| 16:29 | Build | Farm |
| 16:46 | Build | Farm |
| 16:47 | Build | Farm |
| 16:48 | Build | Farm |
| 16:52 | Research | Castle Age |
| 16:57 | Build | Farm |
| 17:04 | Research | Gold Mining |
| 17:26 | Build | Lumber Camp |
| 17:45 | Create | Villager (Male) |
| 17:45 | Create | Villager (Male) |
| 17:46 | Create | Villager (Male) |
| 18:02 | Build | Barracks |
| 18:19 | Research | Stone Mining |
| 19:32 | Age | Castle Age |
| 19:37 | Build | Town Center |
| 19:41 | Research | Stone Shaft Mining |
| 19:45 | Research | Heavy Plow |
| 19:48 | Research | Bow Saw |
| 20:11 | Build | Farm |
| 20:16 | Create | Villager (Male) |
| 20:27 | Build | Farm |
| 20:33 | Create | Villager (Male) |
| 20:48 | Create | Villager (Male) |
| 20:48 | Create | Villager (Male) |
| 20:53 | Build | Farm |
| 21:06 | Create | Villager (Male) |
| 21:07 | Create | Villager (Male) |
| 21:23 | Build | Town Center |
| 21:35 | Build | Archery Range |
| 21:41 | Build | Farm |
| 22:16 | Research | Wheelbarrow |
| 22:19 | Create | Villager (Male) |
| 22:19 | Create | Villager (Male) |
| 22:31 | Create | Villager (Male) |
| 22:32 | Create | Villager (Male) |
| 22:58 | Create | Villager (Male) |
| 23:17 | Research | Gold Shaft Mining |
| 23:24 | Create | Trade Cart |
| 23:24 | Create | Trade Cart |
| 23:24 | Create | Trade Cart |
| 23:36 | Build | Mining Camp |
| 23:43 | Create | Villager (Male) |
| 23:43 | Create | Villager (Male) |
| 23:43 | Create | Villager (Male) |
| 23:53 | Create | Villager (Male) |
| 23:53 | Create | Villager (Male) |
| 24:00 | Build | Farm |
| 24:02 | Create | Villager (Male) |
| 24:03 | Create | Villager (Male) |
| 24:12 | Build | Farm |
| 24:13 | Build | Farm |
| 24:16 | Create | Villager (Male) |
| 24:16 | Create | Villager (Male) |
| 24:25 | Build | House |
| 24:29 | Create | Villager (Male) |
| 24:29 | Create | Villager (Male) |
| 24:37 | Build | House |
| 24:41 | Build | House |
| 24:42 | Create | Villager (Male) |
| 24:46 | Build | House |
| 24:46 | Build | House |
| 24:46 | Build | House |
| 24:48 | Build | House |
| 24:50 | Build | House |
| 24:51 | Build | House |
| 24:53 | Create | Villager (Male) |
| 24:53 | Create | Villager (Male) |
| 24:54 | Create | Villager (Male) |
| 25:17 | Create | Villager (Male) |
| 25:17 | Create | Villager (Male) |
| 25:26 | Build | Farm |
| 25:28 | Build | Farm |
| 25:31 | Build | Farm |
| 25:34 | Create | Villager (Male) |
| 25:34 | Create | Villager (Male) |
| 25:34 | Create | Villager (Male) |
| 25:38 | Build | Farm |
| 25:42 | Create | Villager (Male) |
| 25:42 | Create | Villager (Male) |
| 25:56 | Build | Castle |
| 26:05 | Create | Villager (Male) |
| 26:05 | Create | Villager (Male) |
| 26:05 | Create | Villager (Male) |
| 26:05 | Create | Villager (Male) |
| 26:17 | Build | Farm |
| 26:20 | Build | Farm |
Match timeline
| 0:44 | Rahmi · wall_segment Palisade Wall x1 |
| 0:46 | Rahmi · wall_segment Palisade Wall x7 |
| 1:10 | itus.do · wall_segment Palisade Wall x3 |
| 1:13 | itus.do · wall_segment Palisade Wall x8 |
| 1:17 | 88 elephant · wall_segment Palisade Wall x6 |
| 1:31 | Rahmi · wall_segment Palisade Wall x3 |
| 1:47 | 88 elephant · wall_segment Palisade Wall x3 |
| 2:03 | Alexyesidg · wall_segment Palisade Wall x4 |
| 2:24 | Alexyesidg · wall_segment Palisade Wall x7 |
| 2:25 | 88 elephant · wall_segment Palisade Wall x10 |
| 3:15 | Alexyesidg · wall_segment Palisade Wall x9 |
| 3:17 | Alexyesidg · wall_segment Palisade Wall x4 |
| 3:27 | itus.do · wall_segment Palisade Wall x12 |
| 4:31 | Alexyesidg · wall_segment Palisade Wall x4 |
| 4:45 | Alexyesidg · wall_segment Palisade Wall x1 |
| 5:35 | lucas_esteves_ · first_building Dock |
| 7:47 | 88 elephant · first_building Dock |
| 8:35 | Alexyesidg · wall_segment Palisade Wall x1 |
| 10:55 | itus.do · wall_segment Palisade Wall x1 |
| 10:56 | itus.do · wall_segment Palisade Wall x1 |
| 11:00 | itus.do · wall_segment Palisade Wall x12 |
| 11:49 | 𝓰𝓸𝓭𝓵𝓲𝓴𝓮 · age_up feudal |
| 12:13 | ChippaGNL · age_up feudal |
| 12:20 | 88 elephant · age_up feudal |
| 12:39 | Rahmi · age_up feudal |
| 12:50 | Rahmi · wall_segment Stone Wall x4 |
| 12:52 | Rahmi · wall_segment Stone Wall x5 |
| 12:56 | 88 elephant · wall_segment Stone Wall x2 |
| 12:59 | 88 elephant · wall_segment Stone Wall x6 |
| 13:27 | lucas_esteves_ · age_up feudal |
| 13:40 | lucas_esteves_ · first_building Barracks |
| 13:42 | 𝓰𝓸𝓭𝓵𝓲𝓴𝓮 · first_market_sell 100 stone |
| 14:03 | oguzhan.altunbass · age_up feudal |
| 14:22 | itus.do · age_up feudal |
| 14:27 | Rahmi · wall_segment Stone Wall x6 |
| 14:34 | itus.do · wall_segment Stone Wall x7 |
| 14:35 | itus.do · wall_segment Stone Wall x4 |
| 14:46 | lucas_esteves_ · first_building Stable |
| 15:01 | 88 elephant · wall_segment Stone Wall x5 |
| 15:07 | Rahmi · first_building Dock |
| 15:15 | Alexyesidg · first_building Barracks |
| 15:30 | itus.do · wall_segment Stone Wall x1 |
| 15:31 | itus.do · wall_segment Stone Wall x1 |
| 15:32 | itus.do · wall_segment Stone Wall x1 |
| 15:33 | itus.do · wall_segment Stone Wall x1 |
| 15:37 | itus.do · wall_segment Stone Wall x12 |
| 16:23 | 𝓰𝓸𝓭𝓵𝓲𝓴𝓮 · age_up castle |
| 16:47 | 88 elephant · age_up castle |
| 16:52 | Alexyesidg · age_up feudal |
| 17:18 | Rahmi · wall_segment Stone Wall x7 |
| 18:02 | ChippaGNL · first_building Barracks |
| 18:53 | itus.do · first_market_buy 100 food |
| 19:16 | Rahmi · first_building Barracks |
| 19:32 | ChippaGNL · age_up castle |
| 19:46 | Alexyesidg · wall_segment Stone Wall x14 |
| 19:52 | Alexyesidg · wall_segment Stone Wall x14 |
| 20:05 | Rahmi · first_market_buy 100 food |
| 20:09 | Rahmi · first_market_sell 100 wood |
| 20:10 | Alexyesidg · wall_segment Stone Wall x4 |
| 20:12 | oguzhan.altunbass · age_up castle |
| 20:14 | Alexyesidg · wall_segment Stone Wall x4 |
| 20:14 | 88 elephant · first_building Siege Workshop |
| 20:19 | Alexyesidg · wall_segment Stone Wall x6 |
| 20:22 | 88 elephant · first_building Monastery |
| 20:26 | Alexyesidg · wall_segment Stone Wall x5 |
| 20:34 | lucas_esteves_ · first_market_sell 100 food |
| 21:35 | ChippaGNL · first_building Archery Range |
| 21:41 | itus.do · age_up castle |
| 21:41 | 𝓰𝓸𝓭𝓵𝓲𝓴𝓮 · first_building Dock |
| 21:45 | Rahmi · first_building Stable |
| 21:49 | Rahmi · first_building Archery Range |
| 22:16 | lucas_esteves_ · first_building Archery Range |
| 23:18 | Alexyesidg · first_building Dock |
| 23:33 | lucas_esteves_ · age_up castle |
| 23:35 | Rahmi · age_up castle |
| 23:46 | Alexyesidg · wall_segment Stone Wall x3 |
| 23:49 | Alexyesidg · wall_segment Stone Wall x5 |
| 23:52 | Alexyesidg · wall_segment Stone Wall x1 |
| 23:55 | itus.do · first_building Monastery |
| 24:00 | Rahmi · first_building Castle |
| 24:21 | Rahmi · first_building Monastery |
| 24:28 | 88 elephant · first_building Barracks |
| 24:46 | Alexyesidg · first_building Stable |
| 25:17 | Alexyesidg · first_building Archery Range |
| 25:29 | 88 elephant · first_building Archery Range |
| 25:56 | ChippaGNL · first_building Castle |
| 26:19 | 𝓰𝓸𝓭𝓵𝓲𝓴𝓮 · first_building Monastery |
| 27:02 | lucas_esteves_ · first_building Castle |
| 27:17 | ChippaGNL · first_building Siege Workshop |
| 27:32 | ChippaGNL · first_building Stable |
| 27:36 | lucas_esteves_ · first_building Monastery |
| 28:35 | oguzhan.altunbass · first_building Barracks |
| 28:38 | oguzhan.altunbass · first_building Siege Workshop |
| 29:36 | 88 elephant · age_up imperial |
| 29:56 | itus.do · first_building Castle |
| 30:48 | Rahmi · first_building Siege Workshop |
| 31:43 | oguzhan.altunbass · first_building Stable |
| 31:47 | oguzhan.altunbass · first_building Archery Range |
| 31:50 | 𝓰𝓸𝓭𝓵𝓲𝓴𝓮 · age_up imperial |
| 32:00 | oguzhan.altunbass · first_building Castle |
| 32:45 | 𝓰𝓸𝓭𝓵𝓲𝓴𝓮 · first_building Barracks |
| 32:50 | Alexyesidg · wall_segment Stone Wall x11 |
| 33:16 | Alexyesidg · age_up castle |
| 33:46 | oguzhan.altunbass · age_up imperial |
| 33:56 | lucas_esteves_ · wall_segment Stone Wall x8 |
| 34:08 | itus.do · first_building Siege Workshop |
| 34:55 | Alexyesidg · first_building Castle |
| 34:57 | itus.do · age_up imperial |
| 35:05 | 𝓰𝓸𝓭𝓵𝓲𝓴𝓮 · first_building Castle |
| 35:22 | Alexyesidg · first_building Monastery |
| 35:38 | lucas_esteves_ · first_building Siege Workshop |
| 36:01 | ChippaGNL · age_up imperial |
| 36:09 | lucas_esteves_ · age_up imperial |
| 36:34 | 88 elephant · first_building Castle |
| 39:54 | oguzhan.altunbass · wall_segment Stone Wall x17 |
| 40:00 | Alexyesidg · wall_segment Stone Wall x3 |
| 40:45 | Alexyesidg · wall_segment Stone Wall x4 |
| 41:13 | Alexyesidg · wall_segment Stone Wall x10 |
| 41:54 | itus.do · first_building Barracks |
| 43:05 | Alexyesidg · first_building Siege Workshop |
| 43:27 | itus.do · first_building Archery Range |
| 45:08 | Alexyesidg · age_up imperial |
| 47:24 | 𝓰𝓸𝓭𝓵𝓲𝓴𝓮 · resign |
[ AI ANALYSIS · 1 CREDIT ]
What really happened in this match?
Wolo.gg analyzes every decision: build order, eco, micro, common mistakes by bracket. Personalized analysis on WhatsApp or Discord in 30 seconds.
Civ guide
Turks
Perfil
Jugador #19680113